 Dungeon Crawl Stone Soup version 0.19-b1-3-g7dea586 (webtiles) character file.

47 tv1990 the Chopper (level 3, -2/29 HPs)
             Began as a Formicid Monk on Oct 28, 2016.
             Slain by a white imp (4 damage)
             ... summoned by Natasha
             ... on level 2 of the Dungeon.
             The game lasted 00:02:14 (1010 turns).

tv1990 the Chopper (Formicid Monk)                  Turns: 1010, Time: 00:02:16

Health: -2/29      AC:  5    Str: 15    XL:     3   Next: 97%
Magic:  3/3        EV: 11    Int:  9    God:
Gold:   15         SH:  0    Dex: 14    Spells: 0 memorised, 2 levels left

rFire  . . .     SeeInvis +     a - +0 hand axe
rCold  . . .     Gourm    .     d - +0 ring mail
rNeg   . . .     Faith    .     (no shield)
rPois  .         Spirit   .     (helmet unavailable)
rElec  .         Reflect  .     (no cloak)
rCorr  .         Harm     .     (no gloves)
MR     .....                    (no boots)
Stlth  +.........               (no amulet)
                                (no ring)
                                (no ring)

@: no status effects
A: permanent stasis, dig shafts and tunnels, four strong arms, antennae 3
a: Dig, Shaft Self


You were on level 2 of the Dungeon.
You were not hungry.

You visited 1 branch of the dungeon, and saw 2 of its levels.

You collected 15 gold pieces.

Inventory:

Hand Weapons
 a - a +0 hand axe (weapon)
Armour
 b - a +0 robe
 d - a +0 ring mail (worn)
Jewellery
 j - an uncursed amulet of regeneration {unknown}
Potions
 i - a potion of heal wounds {unknown}
Comestibles
 c - 2 bread rations
 f - a slice of pizza


   Skills:
 - Level 3.2 Fighting
 + Level 4.5 Axes
 - Level 2.6 Dodging
 - Level 2.4 Stealth


You had 2 spell levels left.
You didn't know any spells.

Dungeon Overview and Level Annotations

Branches:
Dungeon (2/15)

Altars:

Annotations:
D:2 Natasha


Innate Abilities, Weirdness & Mutations

You are under a permanent stasis effect.
You can dig through walls and to a lower floor.
Your four strong arms can wield two-handed weapons with a shield.
You have a pair of large antennae on your head. (SInv)


Message History

The magic dart hits you!
* * * LOW HITPOINT WARNING * * *
It was a potion of haste.
Your stasis keeps you stable.
The white imp gestures at you. The puff of frost misses you.
Natasha wildly gestures.
Natasha glows brightly for a moment.
Natasha closely misses you.
It was a potion of resistance.
You feel protected. The white imp gestures at you.
The puff of frost misses you. Natasha closely misses you.
It was a potion of cancellation.
Your magical effects are unravelling.
You feel magically purged.
Your resistance to elements expires.
The white imp hits you.
* * * LOW HITPOINT WARNING * * *
The white imp freezes you.
You die...

####...#..
#.........
#.........
#.........
#......#..
#.......?.
###..5......
#$..@h......
#...########
####...#
.#####......#####
.......#........#
##...#....#.#.#
###..........#
#.............
#.......##.###


You could see Natasha and a white imp.

Vanquished Creatures
  Terence (D:2)
  2 dart slugs (D:1)
  A leopard gecko (D:2)
  2 goblins (D:1)
  4 hobgoblins
  A bat (D:1)
  3 frilled lizards (D:1)
  2 kobolds (D:1)
  2 rats (D:1)
18 creatures vanquished.

Notes
Turn   | Place    | Note
-------+----------+-------------------------------------------
     0 | D:1      | tv1990 the Formicid Monk began the quest for the Orb.
     0 | D:1      | Reached XP level 1. HP: 18/18 MP: 1/1
   368 | D:1      | Reached XP level 2. HP: 16/24 MP: 2/2
   757 | D:2      | Noticed Terence
   766 | D:2      | Killed Terence
   766 | D:2      | Reached skill level 4 in Axes
   766 | D:2      | Reached XP level 3. HP: 8/29 MP: 3/3
   997 | D:2      | Noticed Natasha
  1010 | D:2      | Slain by a white imp

Skill      XL: |  1  2 |
---------------+-------+-----
Axes           | 4 |  4.5
Fighting       | |  3.2
Dodging        | |  2.6
Stealth        | |  2.4

Action                   || total
-------------------------++-------
Melee: Hand axe          ||    78
  Use: Potion            ||     3
       Scroll            ||     1
 Stab: Sleeping          ||     2
Armor: Robe              ||     7
       Ring mail         ||     4
Dodge: Dodged            ||    60

Table legend:
 A = Turns spent in this place as a percentage of turns spent in the entire game.
 B = Non-inter-level travel turns spent in this place as a percentage of non-inter-level travel turns spent in the entire game.
 C = Inter-level travel turns spent in this place as a percentage of turns spent in this place.
 D = Turns resting spent in this place as a percentage of non-inter-level travel turns spent in this place.
 E = Turns spent auto-exploring this place as a percentage of non-inter-level travel turns spent in this place.
 F = Non-inter-level travel turns spent in this place divided by the number of levels of this place that you've seen.
                   A       B       C       D       E      F
               +-------+-------+-------+-------+-------+----------------------
         Total | 100.0 | 100.0 |   0.4 |   0.8 |  13.8 | 123.0
       Dungeon | 100.0 | 100.0 |   0.4 |   0.8 |  13.8 | 123.0
               +-------+-------+-------+-------+-------+----------------------

Table legend:
 A = Kills in this place as a percentage of kills in entire the game.
 B = Kills by you in this place as a percentage of kills by you in the entire game.
 C = Kills by friends in this place as a percentage of kills by friends in the entire game.
 D = Other kills in this place as a percentage of other kills in the entire game.
 E = Experience gained in this place as a percentage of experience gained in the entire game.
 F = Experience gained in this place divided by the number of levels of this place that you have seen.
                   A       B       C       D       E      F
               +-------+-------+-------+-------+-------+----------------------
         Total | 100.0 | 100.0 |  -nan |  -nan | 100.0 |  34.0
       Dungeon | 100.0 | 100.0 |  -nan |  -nan | 100.0 |  34.0
               +-------+-------+-------+-------+-------+----------------------

Vault maps used:
D:1:      tarquinn_simple_flora_water_f
D:2:      nicolae_gozag_seed_capital, hangedman_decor_growths, uniq_jessica,
          uniq_terence, uniq_natasha, uniq_robin
